| TOP OF THE 1ST |
|
Portland Sea Dogs batting - Pitching for Akron RubberDucks : LHP Zach Masengill
|
|
Pitching: LHP Zach Masengill
|
|
|
Batting: RHB Sal Rivera
|
0-0: Foul Ball, location: 2F 0-1: Ball 1-1: SINGLE (Line Drive, 7S, EV 108.1 MPH)
|
|
Batting: RHB Zi-jing Wang
|
0-0: Called Strike Sal Rivera steals 2nd base 0-1: Swinging Strike 0-2: Fly out, F7 (Flyball, 78M, EV 96.2 MPH)
|
|
Batting: RHB Tony Nunez
|
0-0: Ball 1-0: Swinging Strike 1-1: Ball 2-1: Ground out 4-3 (Groundball, 4, EV 86.9 MPH) Sal Rivera to third
|
|
Batting: RHB Ernie Genier
|
0-0: Foul Ball, location: 2F 0-1: Hit by Pitch
|
|
Batting: RHB Alex Melendez
|
0-0: Ball 1-0: Called Strike 1-1: Called Strike 1-2: Strikes out looking
|
| Top of the 1st over - 0 runs, 1 hit, 0 errors, 2 left on base; Portland 0 - Akron 0 |
| BOTTOM OF THE 1ST |
|
Akron RubberDucks batting - Pitching for Portland Sea Dogs : LHP Nick Barnes
|
|
Pitching: LHP Nick Barnes
|
|
|
Batting: RHB Mitch Boyd
|
0-0: Called Strike 0-1: Ball 1-1: Ball 2-1: Fly out, F8 (Line Drive, 78M, EV 106.9 MPH)
|
|
Batting: LHB Stu Sornson
|
0-0: Ball 1-0: Ball 2-0: Called Strike 2-1: Ball 3-1: Base on Balls
|
|
Batting: RHB David Matheney
|
0-0: Ball 1-0: Grounds into double play, 4-6-3 (Groundball, 4, EV 86.9 MPH)
|
| Bottom of the 1st over - 0 runs, 0 hits, 0 errors, 0 left on base; Portland 0 - Akron 0 |
| TOP OF THE 2ND |
|
Portland Sea Dogs batting - Pitching for Akron RubberDucks : LHP Zach Masengill
|
|
Batting: RHB Miguel Villanueva
|
0-0: Called Strike 0-1: Swinging Strike 0-2: Ball 1-2: Foul Ball, location: 2F 1-2: Strikes out swinging
|
|
Batting: RHB Larry Brocato
|
0-0: Called Strike 0-1: Ball 1-1: SINGLE (Groundball, 6S, EV 70.0 MPH) (infield hit)
|
|
Batting: RHB Travis Campbell
|
0-0: Called Strike 0-1: Grounds into double play, 6-4-3 (Groundball, 6, EV 86.2 MPH)
|
| Top of the 2nd over - 0 runs, 1 hit, 0 errors, 0 left on base; Portland 0 - Akron 0 |
| BOTTOM OF THE 2ND |
|
Akron RubberDucks batting - Pitching for Portland Sea Dogs : LHP Nick Barnes
|
|
Batting: LHB Costodio Varino
|
0-0: Called Strike 0-1: Ball 1-1: Foul Ball, location: 2F 1-2: Strikes out swinging
|
|
Batting: RHB Adam McMillen
|
0-0: Ground out 6-3 (Groundball, 56, EV 80.0 MPH)
|
|
Batting: SHB Edwin Dominguez
|
0-0: Foul Ball, location: 2F 0-1: Swinging Strike 0-2: Strikes out looking
|
| Bottom of the 2nd over - 0 runs, 0 hits, 0 errors, 0 left on base; Portland 0 - Akron 0 |
| TOP OF THE 3RD |
|
Portland Sea Dogs batting - Pitching for Akron RubberDucks : LHP Zach Masengill
|
|
Batting: RHB Frank Sokolosky
|
0-0: Foul Ball, location: 2F 0-1: Foul Ball, location: 2F 0-2: Foul Ball, location: 2F 0-2: Foul Ball, location: 2F 0-2: Strikes out swinging
|
|
Batting: RHB Sal Rivera
|
0-0: SINGLE (Groundball, 6MD, EV 96.9 MPH)
|
|
Batting: RHB Zi-jing Wang
|
0-0: Foul Ball, location: 2F 0-1: Ball 1-1: Ball 2-1: Foul Ball, location: 2F 2-2: Foul Ball, location: 2F 2-2: Foul Ball, location: 2F 2-2: Ball 3-2: Foul Ball, location: 2F 3-2: Fielders Choice at 2nd, 6-4 (Groundball, 6MD, EV 83.1 MPH)
|
|
Batting: RHB Tony Nunez
|
0-0: Foul Ball, location: 2F 0-1: Called Strike 0-2: Ball 1-2: Ground out 1-3 (Groundball, 13S, EV 68.1 MPH)
|
| Top of the 3rd over - 0 runs, 1 hit, 0 errors, 1 left on base; Portland 0 - Akron 0 |
| BOTTOM OF THE 3RD |
|
Akron RubberDucks batting - Pitching for Portland Sea Dogs : LHP Nick Barnes
|
|
Batting: RHB Justin Lauderdale
|
0-0: Fly out, F8 (Flyball, 8LXD, EV 107.5 MPH)
|
|
Batting: RHB Anibal Casteles
|
0-0: Foul Ball, location: 2F 0-1: Ball 1-1: Foul Ball, location: 2F 1-2: Strikes out swinging, 2-3 out at first.
|
|
Batting: RHB Kenzo Shinoda
|
0-0: Called Strike 0-1: Swinging Strike 0-2: Ball 1-2: Ball 2-2: Strikes out swinging
|
| Bottom of the 3rd over - 0 runs, 0 hits, 0 errors, 0 left on base; Portland 0 - Akron 0 |
| TOP OF THE 4TH |
|
Portland Sea Dogs batting - Pitching for Akron RubberDucks : LHP Zach Masengill
|
|
Batting: RHB Ernie Genier
|
0-0: Called Strike 0-1: Ground out 4-3 (Groundball, 4, EV 105.0 MPH)
|
|
Batting: RHB Alex Melendez
|
0-0: Ball 1-0: Foul Ball, location: 2F 1-1: Ball 2-1: Foul Ball, location: 2F 2-2: Strikes out swinging
|
|
Batting: RHB Miguel Villanueva
|
0-0: Ball 1-0: Foul Ball, location: 2F 1-1: SINGLE (Groundball, 6M, EV 81.2 MPH) (infield hit)
|
|
Batting: RHB Larry Brocato
|
0-0: Ball 1-0: Ball 2-0: Called Strike 2-1: Swinging Strike 2-2: Strikes out swinging
|
| Top of the 4th over - 0 runs, 1 hit, 0 errors, 1 left on base; Portland 0 - Akron 0 |
| BOTTOM OF THE 4TH |
|
Akron RubberDucks batting - Pitching for Portland Sea Dogs : LHP Nick Barnes
|
|
Batting: RHB Mitch Boyd
|
0-0: Called Strike 0-1: Swinging Strike 0-2: Strikes out swinging
|
|
Batting: LHB Stu Sornson
|
0-0: Called Strike 0-1: Foul Ball, location: 2F 0-2: Ball 1-2: Ball 2-2: Foul Ball, location: 2F 2-2: Foul Ball, location: 2F 2-2: Foul Ball, location: 2F 2-2: Ball 3-2: Ground out 1-3 (Groundball, 34S, EV 71.2 MPH)
|
|
Batting: RHB David Matheney
|
0-0: Foul Ball, location: 2F 0-1: SINGLE (Groundball, 3, EV 98.1 MPH)
|
|
Batting: LHB Costodio Varino
|
0-0: Ball 1-0: Called Strike 1-1: Called Strike 1-2: Fly out, F6 (Popup, 6MD, EV 48.8 MPH)
|
| Bottom of the 4th over - 0 runs, 1 hit, 0 errors, 1 left on base; Portland 0 - Akron 0 |
| TOP OF THE 5TH |
|
Portland Sea Dogs batting - Pitching for Akron RubberDucks : LHP Zach Masengill
|
|
Batting: RHB Travis Campbell
|
0-0: Ball 1-0: Called Strike 1-1: Fly out, F9 (Flyball, 89D, EV 96.9 MPH)
|
|
Batting: RHB Frank Sokolosky
|
0-0: Called Strike 0-1: Foul Ball, location: 2F 0-2: Fly out, F8 (Flyball, 8RD, EV 100.6 MPH)
|
|
Batting: RHB Sal Rivera
|
0-0: Ground out 6-3 (Groundball, 56D, EV 91.2 MPH)
|
| Top of the 5th over - 0 runs, 0 hits, 0 errors, 0 left on base; Portland 0 - Akron 0 |
| BOTTOM OF THE 5TH |
|
Akron RubberDucks batting - Pitching for Portland Sea Dogs : LHP Nick Barnes
|
|
Batting: RHB Adam McMillen
|
0-0: Fly out, F7 (Flyball, 7D, EV 103.8 MPH)
|
|
Batting: SHB Edwin Dominguez
|
0-0: Called Strike 0-1: Ball 1-1: Ball 2-1: Ground out U3 (Groundball, 34, EV 93.1 MPH)
|
|
Batting: RHB Justin Lauderdale
|
0-0: SOLO HOME RUN (Flyball, 7D, EV 103.8 MPH), Distance : 414 ft
|
|
Batting: RHB Anibal Casteles
|
0-0: Ball 1-0: Foul Ball, location: 2F 1-1: Foul Ball, location: 2F 1-2: Ball 2-2: Ball 3-2: Ground out 5-3 (Groundball, 56S, EV 65.6 MPH)
|
| Bottom of the 5th over - 1 run, 1 hit, 0 errors, 0 left on base; Portland 0 - Akron 1 |
| TOP OF THE 6TH |
|
Portland Sea Dogs batting - Pitching for Akron RubberDucks : LHP Zach Masengill
|
|
Batting: RHB Zi-jing Wang
|
0-0: Fly out, F8 (Flyball, 8RD, EV 103.8 MPH)
|
|
Batting: RHB Tony Nunez
|
0-0: Ball 1-0: Foul Ball, location: 2F 1-1: Foul Ball, location: 2F 1-2: Ball 2-2: Ground out 5-3 (Groundball, 56, EV 86.2 MPH)
|
|
Batting: RHB Ernie Genier
|
0-0: Called Strike 0-1: Ground out 5-3 (Groundball, 5, EV 105.6 MPH)
|
| Top of the 6th over - 0 runs, 0 hits, 0 errors, 0 left on base; Portland 0 - Akron 1 |
| BOTTOM OF THE 6TH |
|
Akron RubberDucks batting - Pitching for Portland Sea Dogs : LHP Nick Barnes
|
|
Batting: RHB Kenzo Shinoda
|
0-0: Called Strike 0-1: Ball 1-1: Ball 2-1: Swinging Strike 2-2: Foul Ball, location: 2F 2-2: Ground out 5-3 (Groundball, 56, EV 78.1 MPH)
|
|
Batting: RHB Mitch Boyd
|
0-0: Ball 1-0: Ball 2-0: DOUBLE (Flyball, 89XD, EV 108.8 MPH)
|
|
Batting: LHB Stu Sornson
|
0-0: Called Strike Mitch Boyd steals 3rd base 0-1: Ball 1-1: Foul Ball, location: 2F 1-2: Strikes out swinging
|
|
Batting: RHB David Matheney
|
0-0: Ball 1-0: Called Strike 1-1: Ball 2-1: SINGLE (Groundball, 56D, EV 103.8 MPH) (infield hit) Mitch Boyd scores
|
|
Batting: LHB Costodio Varino
|
0-0: Ball 1-0: Foul Ball, location: 2F 1-1: Fielders Choice at 2nd, U4 (Groundball, 4M, EV 91.2 MPH)
|
| Bottom of the 6th over - 1 run, 2 hits, 0 errors, 1 left on base; Portland 0 - Akron 2 |
| TOP OF THE 7TH |
|
Portland Sea Dogs batting - Pitching for Akron RubberDucks : LHP Zach Masengill
|
|
Now at 2B: Javon Mitchell
|
|
|
Now in LF: Jarrod Lindblad
|
|
|
Batting: RHB Alex Melendez
|
0-0: Ball 1-0: Foul Ball, location: 2F 1-1: Foul Ball, location: 2F 1-2: Fly out, F9 (Flyball, 9S, EV 97.5 MPH)
|
|
Batting: RHB Miguel Villanueva
|
0-0: Called Strike 0-1: Ground out 4-3 (Groundball, 34, EV 81.9 MPH)
|
|
Batting: RHB Larry Brocato
|
0-0: Ball 1-0: Ball 2-0: Called Strike 2-1: Foul Ball, location: 2F 2-2: Ball 3-2: Strikes out swinging, 2-3 out at first.
|
| Top of the 7th over - 0 runs, 0 hits, 0 errors, 0 left on base; Portland 0 - Akron 2 |
| BOTTOM OF THE 7TH |
|
Akron RubberDucks batting - Pitching for Portland Sea Dogs : LHP Nick Barnes
|
|
Batting: RHB Adam McMillen
|
0-0: Called Strike 0-1: Ball 1-1: Ground out 6-3 (Groundball, 6, EV 101.2 MPH)
|
|
Batting: SHB Edwin Dominguez
|
0-0: Ball 1-0: Foul Ball, location: 2F 1-1: Ball 2-1: Ball 3-1: Foul Ball, location: 2F 3-2: Ground out 6-3 (Groundball, 6S, EV 69.4 MPH)
|
|
Batting: RHB Justin Lauderdale
|
0-0: Fly out, F8 (Flyball, 8RD, EV 88.1 MPH)
|
| Bottom of the 7th over - 0 runs, 0 hits, 0 errors, 0 left on base; Portland 0 - Akron 2 |
| TOP OF THE 8TH |
|
Portland Sea Dogs batting - Pitching for Akron RubberDucks : LHP Zach Masengill
|
|
Batting: RHB Travis Campbell
|
0-0: Called Strike 0-1: Foul Ball, location: 2F 0-2: SINGLE (Groundball, 13S, EV 64.4 MPH) (infield hit)
|
|
Batting: RHB Frank Sokolosky
|
0-0: Called Strike 0-1: Ball 1-1: Ground out 4-3 (Groundball, 4MS, EV 58.8 MPH) Travis Campbell to second
|
|
Batting: RHB Sal Rivera
|
0-0: Ground out 4-3 (Groundball, 4, EV 85.0 MPH) Travis Campbell to third
|
|
Batting: RHB Zi-jing Wang
|
0-0: Ball 1-0: Ball 2-0: Called Strike 2-1: Fly out, F9 (Flyball, 9, EV 80.0 MPH)
|
| Top of the 8th over - 0 runs, 1 hit, 0 errors, 1 left on base; Portland 0 - Akron 2 |
| BOTTOM OF THE 8TH |
|
Akron RubberDucks batting - Pitching for Portland Sea Dogs : LHP Nick Barnes
|
|
Batting: RHB Anibal Casteles
|
0-0: Called Strike 0-1: Called Strike 0-2: Foul Ball, location: 2F 0-2: Foul Ball, location: 2F 0-2: Ball 1-2: Foul Ball, location: 2F 1-2: Ball 2-2: Fly out, F8 (Flyball, 89D, EV 86.9 MPH)
|
|
Pitching: LHP David Schultz
|
|
|
Batting: RHB Kenzo Shinoda
|
0-0: Ball 1-0: Ground out 6-3 (Groundball, 6, EV 85.6 MPH)
|
|
Batting: SHB Jarrod Lindblad
|
0-0: Ball 1-0: Ball 2-0: Fly out, F7 (Flyball, 7, EV 86.2 MPH)
|
| Bottom of the 8th over - 0 runs, 0 hits, 0 errors, 0 left on base; Portland 0 - Akron 2 |
| TOP OF THE 9TH |
|
Portland Sea Dogs batting - Pitching for Akron RubberDucks : LHP Zach Masengill
|
|
Batting: RHB Tony Nunez
|
0-0: Called Strike 0-1: Swinging Strike 0-2: Ball 1-2: Foul Ball, location: 2F 1-2: Foul Ball, location: 2F 1-2: Ball 2-2: Strikes out swinging
|
|
Batting: RHB Ernie Genier
|
0-0: DOUBLE (Groundball, 5L, EV 105.0 MPH)
|
|
Pitching: RHP Victor Barron
|
|
|
Batting: RHB Alex Melendez
|
0-0: Called Strike 0-1: SINGLE (Groundball, 6MD, EV 97.5 MPH) Ernie Genier to third
|
|
Pinch Hitting: LHB Julian Toney
|
0-0: Foul Ball, location: 2F 0-1: Ball 1-1: Ball 2-1: Grounds into double play, 5-4-3 (Groundball, 5, EV 98.8 MPH)
|
| Top of the 9th over - 0 runs, 2 hits, 0 errors, 1 left on base; Portland 0 - Akron 2 |
|